 Dungeon Crawl Stone Soup version 0.31-a0-1178-gc5c9b8f871 (webtiles) character file.

Game seed: 17634150868048839842

980 grandjackal the Trooper (level 7, 0/59 HPs)
             Began as a Demonspawn Gladiator on Dec 11, 2023.
             Was an Initiate of Qazlal.
             Killed by divine providence
             ... invoked by an orc priest
              (13 damage)
             ... on level 6 of the Dungeon.
             The game lasted 00:05:56 (5275 turns).

grandjackal the Trooper (Demonspawn Gladiator)      Turns: 5275, Time: 00:05:57

Health: 0/59       AC:  7    Str: 16    XL:     7   Next: 96%
Magic:  9/9        EV: 11    Int:  8    God:    Qazlal [......]
Gold:   47         SH:  0    Dex: 21    Spells: 6/6 levels left

rFire   . . .        a - +0 war axe
rCold   . . .        (no shield)
rNeg    . . .        k - +0 scale mail
rPois   .            c - +0 helmet
rElec   .            (no cloak)
rCorr   .            (no gloves)
SInv    .            (no boots)
Will    .....        (no amulet) Stlth
                     j - +6 ring of dexterity
HPRegen 0.29/turn    (no ring)
MPRegen 0.22/turn

%: no passive effects
@: no status effects
A: demonic guardian 2, magic regeneration, demonic touch 1
a: Renounce Religion


You were on level 6 of the Dungeon.
You worshipped Qazlal.
Qazlal was noncommittal.
You visited 2 branches of the dungeon, and saw 7 of its levels.
You also visited: Ossuary.

You collected 322 gold pieces.
You spent 275 gold pieces at shops.

Inventory:

Hand Weapons
 a - a +0 war axe (weapon)
 o - a +0 morningstar
Missiles
 d - 3 throwing nets (quivered)
 e - a javelin
Armour
 c - a +0 helmet (worn)
 k - a +0 scale mail (worn)
Jewellery
 j - a +6 ring of dexterity (left hand)
Wands
 s - a wand of mindburst (2)
 y - a wand of paralysis (6)
 D - a wand of flame (21)
 E - a wand of digging (5)
Scrolls
 b - 8 scrolls of identify {unknown}
 f - 3 scrolls of immolation
 g - 3 scrolls of teleportation
 h - 3 scrolls of fear {unknown}
 i - a scroll of amnesia {unknown}
 n - a scroll of revelation {unknown}
 q - a scroll of vulnerability {unknown}
 t - a scroll of blinking {unknown}
 v - a scroll of torment {unknown}
 w - a scroll of enchant weapon {unknown}
 x - 3 scrolls of fog
Potions
 l - 4 potions of curing {unknown}
 m - a potion of lignification {unknown}
 p - a potion of magic {unknown}
 r - 3 potions of might {unknown}
 u - a potion of heal wounds {unknown}
 z - 2 potions of enlightenment {unknown}
 A - 2 potions of cancellation {unknown}
 B - 2 potions of mutation
 C - 2 potions of haste {unknown}
 F - a potion of ambrosia {unknown}


   Skills:
 + Level 6.4 Fighting
 + Level 6.2 Axes
 - Level 2.0 Throwing
 - Level 3.0 Dodging
 + Level 2.8 Invocations


You had 6 spell levels left.
You didn't know any spells.
Your spell library contained the following spells:

 Spells                   Type           Power      Damage    Failure   Level
 Apportation              Tloc           0%         N/A       86%         1
 Sandblast                Erth           0%         2d4       86%         1
 Slow                     Hex            0%         N/A       86%         1
 Jinxbite                 Hex            0%         N/A       94%         2
 Passwall                 Tmut/Erth      0%         N/A       94%         2
 Confusing Touch          Hex            0%         N/A       99%         3
 Gell's Gravitas          Tloc           0%         N/A       99%         3
 Sigil of Binding         Hex            0%         N/A       99%         3
 Stone Arrow              Conj/Erth      0%         3d7       99%         3
 Teleport Other           Tloc           0%         N/A       99%         3
 Vampiric Draining        Necr           0%         2d6       99%         3
 Brom's Barrelling Bould  Conj/Erth      0%         2d3       100%        4
 Alistair's Intoxication  Tmut/Pois      0%         N/A       100%        5
 Dispersal                Tloc           0%         N/A       100%        6


Dungeon Overview and Level Annotations

Branches:
Dungeon (6/15)             Temple (1/1) D:5         Ossuary (visited)

Altars:
Ashenzari
Cheibriados
Fedhas
Gozag
Hepliaklqana
Kikubaaqudgha
Makhleb
Nemelex Xobeh
Okawaru
Qazlal
Sif Muna
Trog
Uskayaw
Vehumet
Wu Jian
Xom
Yredelemnul

Shops:
D:4 [   D:5 (?[


Innate Abilities, Weirdness & Mutations

A demonic guardian rushes to your aid.
You regenerate magic rapidly.
Your touch may inflict minor irresistible damage on your foes.


Message History

* * * LOW HITPOINT WARNING * * *
Your ice devil closely misses the orc priest.
Unknown command.
Unknown command.
You slash the orc priest!
The orc priest is almost dead.
An orc priest comes into view. It is wielding a +0 dagger.
The orc hits your ice devil but does no damage.
Your ice devil barely misses the orc.
Unknown command.
Unknown command.
You hit the orc priest.
You kill the orc priest!
Qazlal accepts your kill.
The orc hits your ice devil but does no damage.
Your ice devil hits the orc.
Your ice devil freezes the orc!
The orc dies!
Qazlal accepts your kill.
The ice beast hits you but does no damage.
Your Invocations skill increases to level 2!
Your ice devil hits the ice beast!
Your ice devil freezes the ice beast.
The ice beast completely resists.
Your ice devil hits the ice beast!
Your ice devil freezes the ice beast.
The ice beast completely resists.
The ice beast attacks as it pursues you!
The ice beast hits you but does no damage.
The orc throws a boomerang.
The boomerang completely misses your ice devil.
The boomerang hits the ice beast but does no damage.
Your ice devil hits the water moccasin!
Your ice devil freezes the water moccasin!!
The water moccasin dies!
Qazlal accepts your kill. Something barely misses your ice devil.
Your ice devil resists with almost no effort.
There is a stone staircase leading up here.
Magic restored.
The orc priest calls down the wrath of Beogh upon you.
Beogh smites you!
You die...

...#...#)####.#
....oz.)oo.##.#
##.#...#)).##.#
...o..##......#
##.##. #4###).#
# #. #.# #..#
##.##.###..#
...#...#Y.....#
.......@......#
#..#...##.....#
##.# #.....# #.
###.### # #.#
#.# ..# ... ..#


You could see an ice beast (ally target), an orc priest, an orc and a friendly
ice devil (summoned).

Vanquished Creatures
  A water moccasin (D:5)
  A centaur (D:6)
  A bullfrog (D:5)
  A scorpion (D:4)
  2 human zombies (Ossuary)
  2 centaur zombies (Ossuary)
  A hound (D:4)
  3 orc priests
  An iguana (D:5)
  Ijyb (D:4)
  2 mummies (Ossuary)
  4 gnolls
  6 adders (D:4)
  A shadow imp (D:6)
  3 worms
  4 dart slugs
  9 orcs
  10 ball pythons
  4 endoplasms
  2 giant cockroaches (D:1)
  A gnoll zombie (Ossuary)
  8 goblins
  8 hobgoblins
  6 jackals
  4 kobolds
  A quokka (D:3)
  7 bats
  3 frilled lizards
  3 goblin zombies
  A hobgoblin zombie (Ossuary)
  5 rats
  A rat zombie (D:4)
107 creatures vanquished.

Vanquished Creatures (collateral kills)
  A water moccasin (D:6)
  An iguana (D:4)
  3 orcs (D:6)
5 creatures vanquished.

Grand Total: 112 creatures vanquished

Notes
Turn   | Place    | Note
-------+----------+-------------------------------------------
     0 | D:1      | grandjackal the Demonspawn Gladiator began the quest for
                  | the Orb.
     0 | D:1      | Reached XP level 1. HP: 16/16 MP: 1/1
   225 | D:1      | Gained mutation: Your touch may inflict minor irresistible
                  | damage on your foes. [demonic ancestry]
   225 | D:1      | Reached XP level 2. HP: 18/22 MP: 2/2
   297 | D:1      | Found a faded altar of an unknown god.
   485 | D:1      | Reached XP level 3. HP: 21/28 MP: 3/3
  1264 | D:2      | Gained mutation: A weak demonic guardian rushes to your
                  | aid. [demonic ancestry]
  1264 | D:2      | Reached XP level 4. HP: 19/35 MP: 4/4
  2795 | D:4      | Noticed a scorpion
  2799 | D:4      | Killed a scorpion
  2800 | D:4      | Gained mutation: You regenerate magic rapidly. [demonic
                  | ancestry]
  2800 | D:4      | Reached XP level 5. HP: 42/42 MP: 5/5
  2803 | D:4      | Found a sand-covered staircase.
  2823 | Ossuary  | Entered an ossuary
  2887 | Ossuary  | Reached XP level 6. HP: 48/49 MP: 6/6
  3249 | D:4      | Found Enukkouxu's Antique Armour Shoppe.
  3259 | D:4      | Bought a distressingly furry ring mail for 198 gold pieces
  3259 | D:4      | Identified the +0 ring mail of Petustev {Int+7} (You bought
                  | it in a shop on level 4 of the Dungeon)
  3378 | D:4      | Noticed Ijyb
  3382 | D:5      | Entered Level 5 of the Dungeon
  3382 | D:5      | Found Ulew Tue's Magic Scroll Emporium.
  3419 | D:5      | Reached skill level 5 in Fighting
  3419 | D:5      | Reached skill level 5 in Axes
  3533 | D:4      | Paralysed by Ijyb for 4 turns
  3540 | D:4      | Paralysed by Ijyb for 3 turns
  3547 | D:4      | Paralysed by Ijyb for 3 turns
  3555 | D:4      | Paralysed by Ijyb for 5 turns
  3562 | D:4      | Killed Ijyb
  3758 | D:4      | Gained mutation: A demonic guardian rushes to your aid.
                  | [demonic ancestry]
  3758 | D:4      | Reached XP level 7. HP: 36/56 MP: 7/7
  4280 | D:5      | Found a staircase to the Ecumenical Temple.
  4298 | Temple   | Entered the Ecumenical Temple
  4484 | D:5      | Found an opulent altar of Gozag.
  4529 | D:5      | Found a bloodstained altar of Trog.
  4530 | D:5      | Found a stormy altar of Qazlal.
  4532 | D:5      | Found a basalt altar of Yredelemnul.
  4533 | D:5      | Found a shimmering altar of Xom.
  4539 | D:5      | Became a worshipper of Qazlal Stormbringer
  4558 | D:5      | Bought a scroll of fog for 44 gold pieces
  4558 | D:5      | Bought a scroll of teleportation for 33 gold pieces
  4570 | D:5      | Found Qiobbeush's Weapon Boutique.
  4841 | D:5      | Found Hosenluo's Armour Emporium.
  5166 | D:6      | Reached skill level 1 in Invocations
  5275 | D:6      | Killed from afar by an orc priest

Illustrated notes

Levels and vault maps discovered:
D:1:      spicycebolla_green_bress_n_ham, layout_basic, basic_ecumenical_altar
D:2:      layout_basic, kennysheep_decorative_pillar, bh_walls_and_bars
D:3:      minmay_skewed_foursquare, layout_basic, chequers_serial_rivers_large_a
D:4:      layout_basic, serial_co_window_serial, co_window_paths_a,
          co_window_paths_a, co_window_of_opportunity_a, co_window_cross_1,
          co_window_of_opportunity_a, co_window_broadway_a,
          co_window_unsneaky_path_a, co_window_broadway_a, glass_columns_c,
          glass_columns_a, enter_ossuary_4, serial_shops, shop, uniq_ijyb
D:5:      layout_basic, grunt_temple_overflow_open, minmay_temple_entry_slanted,
          serial_shops, kennysheep_mini_moat, shop, shop
D:6:      layout_loops_ring, nicolae_ru_path_of_blood, lightli_church_of_beogh
Temple:   nicolae_temple_ecumenical_triangle

Skill      XL: |  1  2  3  4  5  6  7 |
---------------+----------------------+-----
Throwing       | 2 |  2.0
Axes           | 3 4 5 6 |  6.2
Dodging        | 3 |  3.0
Fighting       | 3 4 5 6 |  6.4
Invocations    | 2 |  2.8

Action                     |  1- 3 |  4- 6 |  7- 9 || total
---------------------------+-------+-------+-------++-------
  Melee: War axe           |    98 |   180 |    30 ||   308
         Touch             |    11 |    27 |     9 ||    47
         Punch             |       |     1 |       ||     1
 Armour: Leather armour    |    17 |       |       ||    17
         Scale mail        |    32 |   144 |    43 ||   219
  Dodge: Dodged            |    72 |   112 |    22 ||   206

Table legend: (Time is in decaauts)
 A = Elapsed time spent in this place.
 B = Non-inter-level travel time spent in this place.
 C = Inter-level travel time spent in this place.
 D = Time resting spent in this place.
 E = Time spent auto-exploring this place.
 F = Levels seen in this place.
 G = Mean time per level.
                   A        B        C        D        E       F      G
               +--------+--------+--------+--------+--------+-----+--------+
         Total |   5380 |   5238 |    142 |    590 |   3621 |   8 |  672.5 |
       Dungeon |   5000 |   4867 |    133 |    480 |   3610 |   6 |  833.3 |
        Temple |    130 |    121 |      9 |    102 |      0 |   1 |  130.0 |
       Ossuary |    248 |    248 |      0 |      8 |     11 |   1 |  248.0 |
               +--------+--------+--------+--------+--------+-----+--------+

Top non-repeatable levels by time:
     D:3: 1251 daAuts
     D:4: 1010 daAuts
     D:5: 1005 daAuts
     D:1: 832 daAuts
     D:2: 776 daAuts
 Ossuary: 248 daAuts
  Temple: 130 daAuts
     D:6: 124 daAuts
